 Dungeon Crawl Stone Soup version 0.20.1-1-g8b1a95d (webtiles) character file.

2461 Irenicus the Summoner (level 9, -2/49 (50) HPs)
             Began as a Tengu Summoner on Oct 13, 2017.
             Was an Initiate of Qazlal.
             Slain by a gnoll sergeant
             ... wielding a +1 spear of distortion
              (22 damage)
             ... on level 7 of the Dungeon.
             The game lasted 00:36:06 (7419 turns).

Irenicus the Summoner (Tengu Summoner)              Turns: 7419, Time: 00:36:06

HP:   -2/49 (50)    AC:  3    Str:  9    XL:     9   Next: 50%
MP:   4/17          EV: 15    Int: 15    God:    Qazlal [......]
Gold: 357           SH:  0    Dex: 18    Spells: 7/16 levels left

rFire    . . .     SeeInvis +   J - +7 captain's cutlass {speed, disarm}
rCold    . . .     Gourm    .   (no shield)
rNeg     . . .     Faith    .   a - +0 robe
rPois    .         Spirit   .   (helmet restricted)
rElec    .         Reflect  .   y - +0 cloak
rCorr    .         Harm     .   (no gloves)
MR       +....                  (boots unavailable)
Stlth    ++........             f - amulet of regeneration
Regen    1.0/turn               k - ring of protection from magic
MPRegen  0.2/turn               L - ring of see invisible

@: flying quickly and evasively, quick
A: beak, talons 3, high mp 1, regeneration 1, wild magic 1, able to fly 1
a: Renounce Religion


You were on level 7 of the Dungeon.
You worshipped Qazlal.
Qazlal was noncommittal.
You were hungry.

You visited 2 branches of the dungeon, and saw 9 of its levels.

You collected 357 gold pieces.

Inventory:

Hand Weapons
 p - a +0 dagger of venom
 A - the +5 war axe "Xotoettu" {freeze, Int+2 Dex+9}
   (You found it on level 5 of the Dungeon)

   It has been specially enchanted to freeze those struck by it, causing extra
   injury to most foes and up to half again as much damage against particularly
   susceptible opponents.
   It can also slow down cold-blooded creatures.
   It affects your intelligence (+2).
   It affects your dexterity (+9).
 J - the +7 captain's cutlass (weapon) {speed, disarm}
   (You found it on level 7 of the Dungeon)

   Attacks with this weapon are significantly faster.
Armour
 a - a +0 robe (worn)
 y - a +0 cloak (worn)
Magical Staves
 E - an uncursed staff of earth
Jewellery
 f - an amulet of regeneration (around neck)
 k - a ring of protection from magic (left hand)
 G - a cursed amulet of inaccuracy {unknown}
 L - a ring of see invisible (right hand)
Wands
 q - a wand of disintegration (12/24)
 B - a wand of digging (18/24)
Scrolls
 d - a scroll of torment {unknown}
 e - 4 scrolls of amnesia
 h - 2 scrolls of blinking
 i - 4 scrolls of identify
 n - 2 scrolls of enchant weapon
 u - 3 scrolls of remove curse
 w - a scroll of immolation {unknown}
 x - 2 scrolls of teleportation
 z - 2 scrolls of enchant armour {unknown}
 C - 3 scrolls of recharging {unknown}
 F - a scroll of silence {unknown}
 I - a scroll of fear {unknown}
Potions
 g - a potion of brilliance
 l - 5 potions of curing
 o - a potion of mutation
 r - 2 potions of heal wounds
 s - 2 potions of resistance
 D - a potion of ambrosia
 H - a potion of lignification {unknown}
 K - a potion of cancellation {unknown}
 N - a potion of magic {unknown}
Books
 b - a book of Callings

   Spells                             Type                      Level
   a - Summon Small Mammal            Summoning                    1
   b - Call Imp                       Summoning                    2
   c - Call Canine Familiar           Summoning                    3
   d - Summon Guardian Golem          Hexes/Summoning              3
   e - Summon Lightning Spire         Summoning/Air                4
   f - Summon Ice Beast               Ice/Summoning                4
 t - a book of Misfortune

   Spells                             Type                      Level
   a - Confusing Touch                Hexes                        1
   b - Confuse                        Hexes                        3
   c - Gell's Gravitas                Translocation                3
   d - Petrify                        Transmutation/Earth          4
   e - Metabolic Englaciation         Hexes/Ice                    5
   f - Yara's Violent Unravelling     Hexes/Transmutation          5
Comestibles
 c - 5 bread rations
 j - 34 fruits
 m - a meat ration
 v - 2 royal jellies
 M - 2 chunks of flesh


   Skills:
 - Level 3.0 Fighting
 * Level 2.8 Short Blades
 - Level 4.0 Axes
 - Level 2.1 Dodging
 - Level 2.0 Stealth
 - Level 4.1 Spellcasting
 - Level 2.1 Hexes
 + Level 11.1 Summonings
 - Level 6.1 Air Magic


You had 7 spell levels left.
You knew the following spells:

 Your Spells              Type           Power        Failure   Level  Hunger
a - Summon Small Mammal   Summ           ####         1%          1    None
c - Summon Guardian Gole  Hex/Summ       ####....     6%          3    ###....
e - Confusing Touch       Hex            ##....       12%         1    None
t - Summon Lightning Spi  Summ/Air       #####...     8%          4    ####...


Dungeon Overview and Level Annotations

Branches:
Dungeon (8/15)             Temple (1/1) D:6
   Lair: D:8-11

Altars:
Ashenzari
Cheibriados
Dithmenos
Fedhas
Gozag
Hepliaklqana
Kikubaaqudgha
Makhleb
Okawaru
Qazlal
Ru
Sif Muna
Trog
Uskayaw
Xom
Yredelemnul
Zin
The Shining One

Shops:
D:4 *!==(   D:5 ?


Innate Abilities, Weirdness & Mutations

You have a beak for a mouth.
You have claws for feet.
You can fly.
You have an increased reservoir of magic. (+10% MP)
Your natural rate of healing is unusually fast.
Your spells are a little harder to cast, but a little more powerful.


Message History

Your magical contamination has completely faded away.
You swoop lightly up into the air.
You feel very comfortable in the air.
You are feeling hungry.
There is a stone staircase leading up here.
You fly upwards.
Found a bread ration.
There is a stone staircase leading down here.
The gnoll shouts!
The gnoll sergeant barely misses you.
You barely miss the gnoll sergeant.
The gnoll shouts!
Your kick misses the gnoll sergeant.
The gnoll sergeant hits you with a spear of distortion!
Space warps horribly around you!
You hit the gnoll sergeant.
You claw the gnoll sergeant, but do no damage.
The gnoll sergeant is moderately wounded.
The gnoll sergeant hits you with a spear of distortion!
Space warps horribly around you!
You die...

. .... .. .
.....# ... .
%..... .... .
......### #.... .
........####.....
.
.................
.
..........g......
..
...gg....@.......
..
.......>###......
.. ..#...###
..... .. ##. ....
.. # ......#.....
.....#....#
#...#....#
#......# #......#


You could see a gnoll sergeant and 2 gnolls.

Vanquished Creatures
  A sky beast (D:5)
  An ice beast (D:5)
  A necrophage (D:6)
  A phantom (D:4)
  A centaur (D:4)
  An ogre (D:5)
  3 bullfrogs
  A scorpion (D:8)
  3 wights (D:6)
  3 crimson imps
  2 bullfrog zombies
  A jelly (D:5)
  An orc priest (D:6)
  4 orc wizards
  7 worker ants
  2 iguanas
  A gnoll (D:7)
  10 adders
  5 river rats (D:5)
  2 shadow imps
  3 oozes
  An adder zombie (D:6)
  An adder skeleton (D:4)
  2 worms
  3 dart slugs
  2 leopard geckos
  17 orcs
  11 bats
  2 giant cockroaches
  3 goblins
  8 hobgoblins
  A jackal (D:5)
  5 quokkas
  5 frilled lizards
  6 kobolds
  A leopard gecko zombie (D:6)
  17 rats
139 creatures vanquished.

Vanquished Creatures (collateral kills)
  The ghost of Thaneod the Skirmisher, a novice MiFi (D:6)
  A hippogriff (D:7)
  A phantom (D:5)
  3 ogres
  5 killer bees (D:8)
  A wight (D:6)
  A crimson imp (D:5)
  A hound (D:5)
  2 orc priests (D:4)
  3 orc wizards
  An iguana (D:4)
  3 worker ants
  A worker ant zombie (D:7)
  6 adders
  3 river rats (D:5)
  An adder skeleton (D:5)
  2 worms (D:2)
  A dart slug (D:1)
  2 leopard geckos
  15 orcs
  A ball python (D:3)
  A giant cockroach (D:1)
  A hobgoblin (D:2)
  2 jackals (D:5)
  3 quokkas
  8 rats
70 creatures vanquished.

Vanquished Creatures (others)
  4 toadstools (D:1)
4 creatures vanquished.

Grand Total: 213 creatures vanquished

Notes
Turn   | Place    | Note
-------+----------+-------------------------------------------
     0 | D:1      | Irenicus the Tengu Summoner began the quest for the Orb.
     0 | D:1      | Reached XP level 1. HP: 10/10 MP: 4/4
    47 | D:1      | Reached skill level 5 in Summonings
   259 | D:1      | Reached XP level 2. HP: 15/15 MP: 6/6
   948 | D:1      | Reached XP level 3. HP: 19/19 MP: 7/7
  1021 | D:2      | Reached skill level 6 in Summonings
  1501 | D:2      | Reached XP level 4. HP: 24/24 MP: 6/8
  1730 | D:2      | Reached skill level 7 in Summonings
  1741 | D:2      | Learned a level 4 spell: Summon Lightning Spire
  2041 | D:3      | Learned a level 1 spell: Confusing Touch
  2105 | D:3      | Reached skill level 1 in Air Magic
  2321 | D:3      | Gained mutation: You can fly. [Tengu growth]
  2321 | D:3      | Reached XP level 5. HP: 26/28 MP: 6/9
  2386 | D:3      | Found a shadowy altar of Dithmenos.
  2833 | D:4      | Found Tyecoiby's Jewellery Boutique.
  2850 | D:4      | Found Tuaf's Jewellery Emporium.
  2850 | D:4      | Noticed an ogre
  2859 | D:4      | Killed an ogre
  2859 | D:4      | Reached skill level 5 in Air Magic
  2859 | D:4      | Reached XP level 6. HP: 32/32 MP: 1/10
  2924 | D:4      | Found Omnocwawn's Antique Weapon Emporium.
  3122 | D:4      | Found Asausami's General Store.
  3241 | D:4      | Reached skill level 1 in Fighting
  3328 | D:4      | Found Luatas's Distillery.
  3340 | D:4      | Learned a level 3 spell: Summon Guardian Golem
  3524 | D:4      | Reached skill level 1 in Hexes
  3570 | D:4      | Noticed a phantom
  3604 | D:4      | HP: 1/34 [phantom (4)]
  3617 | D:4      | Killed a phantom
  3617 | D:4      | Reached XP level 7. HP: 7/39 MP: 11/11
  3977 | D:5      | Entered Level 5 of the Dungeon
  4909 | D:5      | Reached XP level 8. HP: 32/46 MP: 8/15
  5057 | D:5      | Gained mutation: You have an increased reservoir of magic. (+10% MP) [potion of mutation]
  5057 | D:5      | Gained mutation: Your natural rate of healing is unusually fast. [potion of mutation]
  5057 | D:5      | Gained mutation: Your spells are a little harder to cast, but a little more powerful. [potion of mutation]
  5344 | D:5      | Reached skill level 8 in Summonings
  5487 | D:5      | Found a hazy altar of Hepliaklqana.
  5487 | D:5      | Found a glowing golden altar of the Shining One.
  5567 | D:5      | Got a translucent war axe
  5568 | D:5      | Identified the +5 war axe "Xotoettu" {freeze, Int+2 Dex+9} (You found it on level 5 of the Dungeon)
  5584 | D:5      | Found Roiwun's Magic Scroll Boutique.
  5606 | D:5      | Reached skill level 1 in Axes
  5768 | D:5      | Found a deep blue altar of Sif Muna.
  6061 | D:6      | Reached skill level 9 in Summonings
  6259 | D:6      | Reached XP level 9. HP: 46/49 MP: 17/17
  6310 | D:6      | Noticed Thaneod's ghost (novice MiFi)
  6319 | D:6      | Killed Thaneod's ghost
  6319 | D:6      | Reached skill level 10 in Summonings
  6385 | D:6      | Found a staircase to the Ecumenical Temple.
  6396 | Temple   | Entered the Ecumenical Temple
  6471 | Temple   | Became a worshipper of Qazlal Stormbringer
  7153 | D:7      | Reached skill level 1 in Short Blades
  7232 | D:8      | Reached skill level 11 in Summonings
  7372 | D:8      | Noticed a two-headed ogre
  7419 | D:7      | Slain by a gnoll sergeant

Skill      XL: |  1  2  3  4  5  6  7  8  9 |
---------------+----------------------------+-----
Summonings     | 5 6 7 9 11 | 11.1
Air Magic      | 2 5 6 |  6.1
Fighting       | 1 3 |  3.0
Hexes          | 1 2 |  2.1
Spellcasting   | 4 |  4.1
Axes           | 4 |  4.0
Short Blades   | 2 |  2.8
Dodging        | |  2.1
Stealth        | |  2.0

Action                   |  1- 3 |  4- 6 |  7- 9 || total
-------------------------+-------+-------+-------++-------
Melee: Unarmed           |    45 |   237 |   209 ||   491
       Kick              |    25 |    76 |   112 ||   213
       Peck              |    14 |    52 |    65 ||   131
       Short sword       |    54 |       |       ||    54
       Dagger            |       |     2 |       ||     2
       War axe           |       |       |    77 ||    77
       Cutlass           |       |       |    31 ||    31
 Cast: Summon Small Mamm |    25 |    41 |    57 ||   123
       Confusing Touch   |       |    31 |    34 ||    65
       Summon Lightning  |       |     4 |    17 ||    21
       Summon Guardian G |       |     1 |    12 ||    13
 Abil: Fly               |       |       |     3 ||     3
  Use: Scroll            |     3 |     4 |       ||     7
       Potion            |       |     5 |     5 ||    10
 Stab: Sleeping          |     6 |     5 |     7 ||    18
       Confused          |       |    15 |    17 ||    32
       Distracted        |       |     2 |     2 ||     4
       Invisible         |       |     2 |     1 ||     3
  Eat: Chunk             |     2 |    10 |    17 ||    29
       Fruit             |       |       |     1 ||     1
Armor: Robe              |    19 |    21 |    38 ||    78
Dodge: Dodged            |    68 |   134 |   195 ||   397
